 Dungeon Crawl Stone Soup version 0.29-a0-824-gd827844252 (webtiles) character file.

Game seed: 3323465010041412456

36 Nato the Chopper (level 3, -3/34 HPs)
             Began as a Naga Berserker on July 10, 2022.
             Was a Follower of Trog.
             Killed by nerve-wracking pain
             ... invoked by Jessica
              (6 damage)
             ... on level 2 of the Dungeon.
             The game lasted 00:02:26 (1740 turns).

Nato the Chopper (Naga Berserker)                   Turns: 1740, Time: 00:02:27

Health: -3/34      AC:  2    Str: 21    XL:     3   Next: 37%
Magic:  3/3        EV: 10    Int:  7    God:    Trog [*.....]
Gold:   113        SH:  0    Dex: 10    Spells: 2/2 levels left

rFire   . . .      SeeInvis +   i - +0 dagger
rCold   . . .      Faith    .   (no shield)
rNeg    . . .      Spirit   .   b - +0 animal skin
rPois   +          Reflect  .   (no helmet)
rElec   .          Harm     .   (no cloak)
rCorr   .          Rampage  .   (no gloves)
Will    .....                   (no barding)
Stlth   +.........              (no amulet)
HPRegen 0.11/turn               (no ring)
MPRegen 0.08/turn               (no ring)

@: very slow
A: AC +1, large, see invisible, deformed body, poison resistance, slowness 2,
spit poison 1, naga tail 1
a: Spit Poison, Renounce Religion, Berserk


You were on level 2 of the Dungeon.
You worshipped Trog.
Trog was aware of your devotion.
You visited 1 branch of the dungeon, and saw 2 of its levels.

You collected 113 gold pieces.

Inventory:

Hand Weapons
 a - a +0 hand axe
 i - a +0 dagger (weapon)
Missiles
 r - a throwing net
Armour
 b - a +0 animal skin (worn)
Wands
 s - a wand of charming (6)
Scrolls
 e - 2 scrolls of magic mapping {unknown}
 f - a scroll of immolation {unknown}
 g - 2 scrolls of blinking {unknown}
 j - a scroll of noise {unknown}
 k - 2 scrolls of identify {unknown}
 l - 3 scrolls of summoning {unknown}
 m - a scroll of amnesia {unknown}
 p - a scroll of silence {unknown}
Potions
 c - 3 potions of brilliance {unknown}
 d - a potion of attraction {unknown}
 h - a potion of heal wounds {unknown}
 n - a potion of invisibility {unknown}
 o - a potion of curing {unknown}
 q - a potion of might {unknown}


   Skills:
 + Level 3.3 Fighting
 + Level 0.1 Short Blades
 - Level 3.3 Axes
 + Level 2.0 Armour
 + Level 2.0 Dodging


You had 2 spell levels left.
You didn't know any spells.
Your spell library contained the following spells:

 Spells                   Type           Power      Damage    Failure   Level
 Portal Projectile        Hex/Tloc       0%         N/A       80%         3
 Tukima's Dance           Hex            0%         N/A       80%         3
 Blade Hands              Tmut           0%         N/A       100%        5


Dungeon Overview and Level Annotations

Branches:
Dungeon (2/15)

Altars:

Shops:
D:2 *

Annotations:
D:2 Jessica


Innate Abilities, Weirdness & Mutations

Your serpentine skin is tough. (AC +1)
You have supernaturally acute eyesight. (SInv)
Armour fits poorly on your strangely shaped body.
Your system is resistant to poisons. (rPois)
You cover ground very slowly.
You can spit poison.
You have a snake-like lower body.


Message History

Jessica is lightly wounded.
Jessica shouts, "You're disturbing me!
I'll have to kill you!" Jessica hits you with a +0 club.
You are too injured to fight recklessly!
You are too injured to fight recklessly!
You are too injured to fight recklessly!
You are too injured to fight recklessly!
You are too injured to fight recklessly!
You are too injured to fight recklessly!
You barely miss Jessica.
Jessica is lightly wounded.
Jessica casts a spell.
Jessica seems to speed up.
You hit Jessica.
Jessica is moderately wounded.
Jessica hits you with a +0 club.
You hit Jessica.
Jessica is heavily wounded.
Jessica hits you with a +0 club.
* * * LOW HITPOINT WARNING * * *
Jessica gestures at you while chanting. Pain shoots through your body!
* * * LOW HITPOINT WARNING * * *
You hit Jessica.
Jessica is severely wounded.
Jessica barely misses you.
You barely miss Jessica.
Jessica is severely wounded.
Jessica hits you with a +0 club.
* * * LOW HITPOINT WARNING * * *
Jessica casts a spell.
Jessica blinks!
Jessica casts a spell at you. You resist with some effort.
Jessica barely misses you.
You hit Jessica.
Jessica is almost dead.
Jessica casts a spell at you. Pain shoots through your body!
You die...

.....##......................#
.....###.......#####.........#
.....# ###....## ###########
.....# #....# ....#### #....#
.......######## ...###..##
...# ##..#########
...####....†....@#
................@###..
...#...................
..................##[##
...#####.########....# ...#
#.. ....# ...# ### ....# ####
....# ...#


You could see Jessica (fast).

Vanquished Creatures
  A dart slug (D:1)
  4 endoplasms
  2 giant cockroaches
  4 goblins
  5 hobgoblins
  4 kobolds
  2 ball pythons (D:1)
  A bat (D:1)
  2 frilled lizards
  8 rats (D:1)
33 creatures vanquished.

Notes
Turn   | Place    | Note
-------+----------+-------------------------------------------
     0 | D:1      | Nato the Naga Berserker began the quest for the Orb.
     0 | D:1      | Reached XP level 1. HP: 21/21 MP: 1/1
   247 | D:1      | Reached XP level 2. HP: 25/28 MP: 2/2
   724 | D:1      | Reached XP level 3. HP: 31/34 MP: 3/3
  1524 | D:2      | Found Odyuqif's General Store.
  1721 | D:2      | Noticed Jessica
  1740 | D:2      | Killed from afar by Jessica

Illustrated notes

Levels and vault maps discovered:
D:1:      onia_arrival_handbag, layout_rooms
D:2:      layout_rooms, serial_shops, nicolae_shop_waterfront, uniq_jessica

Skill      XL: |  1  2  3 |
---------------+----------+-----
Dodging        | 2 |  2.0
Armour         | 2 |  2.0
Fighting       | |  3.3
Short Blades   | |  0.1
Axes           | |  3.3

Action                   || total
-------------------------++-------
Melee: Hand axe          ||    62
       Dagger            ||    40
 Stab: Sleeping          ||     1
Armor: Animal skin       ||    14
Dodge: Dodged            ||    48

Table legend: (Time is in decaauts)
 A = Elapsed time spent in this place.
 B = Non-inter-level travel time spent in this place.
 C = Inter-level travel time spent in this place.
 D = Time resting spent in this place.
 E = Time spent auto-exploring this place.
 F = Levels seen in this place.
 G = Mean time per level.
                   A        B        C        D        E       F      G
               +--------+--------+--------+--------+--------+-----+--------+
         Total |   2083 |   1985 |     98 |      0 |   1710 |   2 | 1041.5 |
       Dungeon |   2083 |   1985 |     98 |      0 |   1710 |   2 | 1041.5 |
               +--------+--------+--------+--------+--------+-----+--------+

Top non-repeatable levels by time:
     D:1: 1335 daAuts
     D:2: 747 daAuts
